Map: Submarine LE

Players

IIllIlIIllII - Winner!

  • Race: Terran Terran
  • Spawn Location: 5:00

Eleven

  • Race: Zerg Zerg
  • League: Diamond
  • Spawn Location: 11:00

VOD

Have the link to the VOD?

Description

Time

  • Played on: Jan. 30, 2021, 12:06 a.m.
  • Length: 10:27
Show
View Real Time Build Order
Export as new Build Order

IIllIlIIllII Terran - Winner!

Build Orders: Liberator Opening, Reaper Expand, Mech 

Get SALT Encoding   

  12  0:00  SCV  
  13  0:12  SCV  
  14  0:19  Supply Depot  
  14  0:24  SCV  
  15  0:41  SCV  
  15  0:42  Barracks  
  16  0:47  Refinery  
  16  0:53  SCV  
  17  1:05  SCV  
  18  1:17  SCV  
  19  1:31  Reaper, Orbital Command  
  20  1:48  Command Center  
  20  1:59  SCV  
  20  2:00  Bunker  
  21  2:02  Marine  
  22  2:11  Factory  
  22  2:17  Supply Depot  
  22  2:22  Refinery  
  22  2:28  SCV  
  23  2:33  Barracks Reactor  
  23  2:40  SCV  
  24  2:52  SCV  
  25  2:59  Starport  
  25  3:01  Orbital Command  
  25  3:04  SCV  
  26  3:17  SCV  
  27  3:27  Hellion x2  
  27  3:29  Orbital Command  
  27  3:32  SCV  
  32  3:37  Liberator  
  35  3:45  SCV  
  36  3:49  Hellion x2  
  36  3:53  Supply Depot  
  36  3:55  SCV  
  41  3:59  SCV  
  42  4:07  Supply Depot  
  42  4:08  SCV  
  43  4:10  Hellion  
  43  4:15  Hellion  
  47  4:18  SCV  
  47  4:19  Supply Depot  
  47  4:22  Medivac  
  50  4:26  SCV  
  50  4:30  SCV  
  52  4:37  Supply Depot  
  52  4:38  SCV  
  53  4:41  Widow Mine x2  
  53  4:43  SCV  
  53  4:45  Supply Depot  
  58  4:50  SCV  
  59  4:55  SCV  
  60  5:00  Medivac  
  60  5:02  SCV, Widow Mine x2  
  67  5:07  Armory  
  67  5:09  SCV  
  68  5:14  SCV  
  69  5:24  Widow Mine, Command Center  
  69  5:25  SCV  
  69  5:29  Widow Mine  
  69  5:30  SCV  
  72  5:42  Factory  
  72  5:45  Factory, Widow Mine  
  74  5:51  Refinery x2  
  74  5:52  SCV x2  
  74  5:53  Widow Mine  
  79  6:04  SCV x2  
  80  6:16  Widow Mine  
  80  6:17  Widow Mine  
  84  6:21  SCV  
  85  6:27  Factory Tech Lab  
  85  6:28  Factory Tech Lab, Supply Depot, Medivac  
  85  6:29  Supply Depot  
  85  6:32  SCV  
  86  6:37  SCV  
  87  6:43  Widow Mine x2  
  87  6:44  SCV  
  87  6:46  Engineering Bay  
  88  6:48  SCV  
  88  6:49  Widow Mine  
  88  6:50  Siege Tank  
  92  7:06  SCV  
  92  7:07  Hellion x2  
  97  7:09  SCV  
  94  7:19  SCV  
  94  7:20  Siege Tank  
  94  7:22  Siege Tank  
  101  7:23  Planetary Fortress  
  101  7:28  SCV  
  101  7:29  Terran Vehicle And Ship Armor Level 1  
  102  7:31  SCV  
  102  7:32  Widow Mine  
  103  7:39  Hellion  
  103  7:40  SCV  
  103  7:43  SCV  
  101  7:52  Hellion x3  
  101  7:56  SCV  
  101  7:57  Siege Tank, Hellion x2  
  101  7:58  SCV  
  104  8:01  Infernal Pre-Igniter  
  104  8:03  Command Center  
  96  8:14  SCV  
  96  8:15  Hellion  
  96  8:19  SCV, Refinery  
  100  8:21  Refinery  
  100  8:22  SCV  
  100  8:23  Supply Depot, Neosteel Armor  
  100  8:24  Supply Depot  
  100  8:26  Supply Depot  
  101  8:31  SCV  
  101  8:32  Siege Tank, Hellion x2  
  107  8:37  SCV  
  107  8:38  Hellion  
  110  8:42  Armory  
  110  8:43  Supply Depot  
  110  8:47  SCV  
  111  8:50  SCV  
  111  8:51  Command Center  
  109  8:59  Thor, Hellion  
  117  9:03  SCV  
  118  9:12  SCV  
  118  9:13  SCV  
  118  9:16  Thor  
  129  9:24  Hellion x2  
  128  9:41  Thor  
  134  9:47  Hellion x2  
  135  9:52  SCV  
  136  10:05  SCV  
Show
View Real Time Build Order
Export as new Build Order

Eleven Zerg 

Build Orders: 3 Hatch before Pool 

Get SALT Encoding   

  12  0:01  Drone  
  13  0:14  Overlord  
  13  0:17  Drone  
  14  0:33  Drone  
  14  0:34  Drone  
  16  0:59  Hatchery  
  16  1:03  Drone x2  
  17  1:04  Drone  
  18  1:13  Extractor  
  18  1:26  Hatchery  
  18  1:29  Spawning Pool, Drone x2  
  18  1:36  Drone  
  19  1:49  Drone  
  20  1:59  Overlord  
  20  2:11  Drone  
  21  2:17  Queen  
  21  2:19  Zergling x2  
  24  2:32  Zergling x2  
  24  2:33  Metabolic Boost  
  25  2:37  Spore Crawler  
  25  2:42  Zergling x2, Queen  
  26  2:50  Hatchery  
  25  2:51  Zergling x2  
  25  2:58  Drone x2  
  28  3:01  Drone  
  29  3:06  Drone  
  29  3:26  Drone x2  
  29  3:27  Drone x2  
  33  3:31  Queen  
  35  3:43  Overlord x2  
  35  3:58  Overlord  
  35  4:05  Queen  
  37  4:10  Zergling x2  
  37  4:11  Zergling x8  
  37  4:12  Zergling x4  
  37  4:13  Zergling x4  
  46  4:25  Overlord  
  46  4:26  Drone x3  
  49  4:41  Queen  
  49  4:42  Drone  
  49  4:43  Drone x5  
  57  4:52  Baneling Nest  
  56  4:59  Roach Warren  
  49  5:23  Drone x5  
  49  5:24  Drone x6  
  57  5:35  Drone x5  
  58  5:36  Drone  
  63  5:54  Extractor  
  62  5:59  Evolution Chamber  
  62  6:00  Lair  
  62  6:01  Queen  
  62  6:02  Evolution Chamber  
  59  6:35  Spore Crawler  
  53  6:48  Drone x5  
  58  6:56  Drone x5  
  50  7:12  Spore Crawler  
  50  7:13  Spine Crawler, Drone  
  50  7:14  Spine Crawler, Drone x6  
  54  7:20  Spine Crawler  
  54  7:21  Spine Crawler  
  52  7:25  Spine Crawler  
  52  7:27  Centrifical Hooks, Spine Crawler  
  52  7:29  Zerg Ground Armor Level 1  
  50  7:33  Spore Crawler  
  43  7:39  Zergling x8  
  43  7:40  Zergling x10  
  43  7:44  Baneling  
  37  7:53  Roach  
  37  7:54  Zergling x8  
  43  8:03  Drone x3  
  34  8:10  Drone x2  
  34  8:11  Drone  
  36  8:18  Drone x2  
  36  8:26  Queen  
  38  8:32  Drone  
  38  8:33  Drone  
  37  8:35  Drone  
  38  8:43  Drone x3  
  38  8:46  Roach  
  38  8:48  Zergling x2  
  44  8:55  Roach  
  45  9:07  Roach  
  47  9:14  Roach  
  47  9:15  Zergling x14  
  52  9:21  Extractor, Drone x2  
  52  9:24  Drone  
  52  9:28  Ravager  
  53  9:37  Roach  
  47  9:53  Roach  
  47  9:54  Zergling x4, Roach x4  
  46  10:09  Zergling x10  
Tags
 
Add a new tag
Caveats
  • Supply blocks, unpowered buildings, or Contaminate may cause inaccurate times.
  • Supply counts are checked every 10 seconds.